 Dungeon Crawl Stone Soup version 0.27-a0-887-gcab673c142 (webtiles) character file.

Game seed: 12962130498577044980

3366 timneilson the Protected (level 10, -3/61 HPs)
             Began as a Gargoyle Fighter on Apr 3, 2021.
             Was an Initiate of Okawaru.
             Slain by an ice beast (9 damage)
             ... on level 8 of the Dungeon.
             The game lasted 00:10:24 (8135 turns).

timneilson the Protected (Gargoyle Fighter)         Turns: 8135, Time: 00:10:25

Health: -3/61      AC: 22    Str: 24    XL:     10   Next: 3%
Magic:  10/10      EV:  7    Int:  8    God:    Okawaru [......]
Gold:   1869       SH: 12    Dex:  9    Spells: 9/9 levels left

rFire    . . .     SeeInvis .   a - +1 long sword
rCold    . . .     Faith    .   c - +1 kite shield
rNeg     + . .     Spirit   .   m - +0 chain mail
rPois    ∞         Reflect  .   (no helmet)
rElec    +         Harm     .   (no cloak)
rCorr    +         Rampage  .   (no gloves)
Will     .....                  (no boots)
Stlth    ..........             x - amulet of the acrobat
HPRegen  0.20/turn              e - +4 ring of protection
MPRegen  0.12/turn              r - ring of resist corrosion

@: no status effects
A: AC +7, negative energy resistance 1, electricity resistance, torment
resistance 1, unbreathing 1, petrification resistance
a: Renounce Religion


You were on level 8 of the Dungeon.
You worshipped Okawaru.
Okawaru was noncommittal.
You visited 2 branches of the dungeon, and saw 9 of its levels.

You collected 1869 gold pieces.

Inventory:

Hand Weapons
 a - a +1 long sword (weapon)
Armour
 c - a +1 kite shield (worn)
 j - a +0 tower shield
 m - a +0 chain mail (worn)
Jewellery
 e - a +4 ring of protection (left hand)
 r - a ring of resist corrosion (right hand)
 x - an amulet of the acrobat (around neck)
Wands
 w - a wand of mindburst (36)
 y - a wand of flame (10)
Scrolls
 b - a scroll of identify
 k - 3 scrolls of teleportation {unknown}
 o - a scroll of magic mapping
 q - 2 scrolls of fear
 u - a scroll of enchant armour
Potions
 d - 2 potions of cancellation
 f - 2 potions of invisibility
 h - a potion of curing
 i - a potion of mutation
 l - a potion of berserk rage
 p - a potion of haste {unknown}
 s - a potion of ambrosia {unknown}


   Skills:
 + Level 6.4 Fighting
 * Level 6.9 Long Blades
 * Level 8.7 Armour
 * Level 8.6 Shields
 + Level 0.4 Invocations
 + Level 2.1 Evocations


You had 9 spell levels left.
You didn't know any spells.
Your spell library contained the following spells:

 Spells                   Type           Power      Damage    Failure   Level
 Magic Dart               Conj           0%         1d3       99%         1
 Sandblast                Erth           0%         2d4       99%         1
 Blink                    Tloc           N/A        N/A       100%        2
 Call Imp                 Summ           0%         N/A       100%        2
 Passwall                 Tmut/Erth      0%         N/A       100%        2
 Slow                     Hex            0%         N/A       100%        2
 Conjure Flame            Conj/Fire      0%         6-21      100%        3
 Mephitic Cloud           Conj/Pois/Air  0%         N/A       100%        3
 Stone Arrow              Conj/Erth      0%         3d7       100%        3
 Petrify                  Tmut/Erth      0%         N/A       100%        4
 Lee's Rapid Deconstruct  Erth           0%         3d5*      100%        5


Dungeon Overview and Level Annotations

Branches:
Dungeon (8/15)             Temple (1/1) D:7
   Lair: D:8-11

Altars:
Ashenzari
Cheibriados
Dithmenos
Elyvilon
Fedhas
Gozag
Hepliaklqana
Kikubaaqudgha
Makhleb
Nemelex Xobeh
Okawaru
Qazlal
Ru
Sif Muna
Trog
Uskayaw
Vehumet
Wu Jian
Xom
Yredelemnul
Zin


Innate Abilities, Weirdness & Mutations

Your stone body is resilient. (AC +7)
You are immune to poison.
You resist negative energy. (rN+)
You are resistant to electric shocks. (rElec)
You are resistant to unholy torment.
You can survive without breathing.
You are immune to petrification.


Message History

You are engulfed in a cloud of scalding steam.
The steam dragon bites you but does no damage.
You block the steam dragon's attack.
You closely miss the steam dragon.
The steam dragon is almost dead.
You are engulfed in a cloud of scalding steam.
The steam dragon closely misses you.
You riposte.
You hit the steam dragon.
You kill the steam dragon!
Okawaru accepts your kill.
You have reached level 10!
You feel better.
You feel better. You block the ice beast's attack.
You hit the ice beast.
The ice beast is severely wounded.
The ice beast hits you. The ice beast freezes you!
* * * LOW HITPOINT WARNING * * *
You closely miss the ice beast.
The ice beast is severely wounded.
The ice beast hits you but does no damage.
Your shield and chain mail prevent you from hitting the ice beast.
The ice beast is severely wounded.
The ice beast hits you but does no damage. x2
You barely miss the ice beast.
The ice beast is severely wounded.
You block the ice beast's attack.
You barely miss the ice beast.
The ice beast is severely wounded.
You block the ice beast's attack.
You closely miss the ice beast.
The ice beast is severely wounded.
You block the ice beast's attack.
You hit the ice beast.
The ice beast is severely wounded.
The ice beast hits you but does no damage.
You completely miss the ice beast.
The ice beast is severely wounded.
The ice beast hits you.
* * * LOW HITPOINT WARNING * * *
The ice beast freezes you!
You die...

# # # ########## #######
##.#.#_#.# >......
.#.#.#.#.## ......$
..........# .......
..........# ####....$..
.#.#.#.#._# ###.@Y.......
.#8#_#⌠#.####...##.......
###########...### .......
...........#### .......
#........### .......
.........## #######
##........# #...#####.#
#.#.#####.########


You could see an ice beast.

Vanquished Creatures
  A lindwurm (shapeshifter) (D:8)
  A hornet (D:7)
  Sigmund (D:2)
  2 steam dragons (D:8)
  A water moccasin (D:3)
  An orc warrior (D:8)
  A sky beast (D:5)
  A necrophage (D:7)
  2 ogres
  A centaur (D:4)
  A kobold brigand (D:7)
  4 bullfrogs
  2 scorpions
  A wyvern zombie (D:8)
  A wyvern skeleton (D:5)
  A water moccasin skeleton (D:6)
  6 killer bees (D:8)
  10 wights
  A centaur zombie (D:7)
  An orc priest (D:7)
  2 hounds (D:5)
  A bullfrog skeleton (D:5)
  2 iguanas
  5 orc wizards
  3 adders
  A howler monkey skeleton (D:6)
  A worm (D:3)
  2 dart slugs
  15 orcs
  7 endoplasms
  3 hobgoblins
  13 jackals
  2 quokkas
  4 ball pythons
  2 bats
  5 frilled lizards (D:1)
  4 goblins
  11 kobolds
  A rat (D:3)
124 creatures vanquished.

Notes
Turn   | Place    | Note
-------+----------+-------------------------------------------
     0 | D:1      | timneilson the Gargoyle Fighter began the quest for the
                  | Orb.
     0 | D:1      | Reached XP level 1. HP: 14/14 MP: 1/1
   193 | D:1      | Reached XP level 2. HP: 12/19 MP: 2/2
   851 | D:1      | Reached XP level 3. HP: 23/23 MP: 3/3
  1225 | D:2      | Noticed Sigmund
  1239 | D:2      | Killed Sigmund
  1240 | D:2      | Reached XP level 4. HP: 28/29 MP: 4/4
  1240 | D:2      | Reached XP level 5. HP: 32/33 MP: 5/5
  2305 | D:3      | Noticed a water moccasin
  2321 | D:3      | Killed a water moccasin
  2322 | D:3      | Reached XP level 6. HP: 24/38 MP: 6/6
  2483 | D:3      | Found a bloodstained altar of Trog.
  2493 | D:3      | Reached skill level 5 in Armour
  2523 | D:3      | Found a sparkling altar of Nemelex Xobeh.
  2859 | D:3      | Reached skill level 5 in Shields
  3271 | D:4      | Reached XP level 7. HP: 29/43 MP: 7/7
  3406 | D:4      | Found a white marble altar of Elyvilon.
  4011 | D:5      | Entered Level 5 of the Dungeon
  4962 | D:6      | Reached XP level 8. HP: 46/48 MP: 8/8
  5351 | D:6      | Found an ornate altar of the Wu Jian Council.
  5576 | D:6      | Reached skill level 5 in Fighting
  5631 | D:6      | Reached skill level 5 in Long Blades
  5903 | D:6      | Identified a scroll of acquirement
  5903 | D:6      | Acquired 1380 gold pieces
  6205 | D:7      | Noticed a hornet
  6221 | D:7      | HP: 1/50 [hornet (10)]
  6222 | D:7      | Killed a hornet
  6223 | D:7      | Reached XP level 9. HP: 1/54 MP: 9/9
  6633 | D:7      | Found a staircase to the Ecumenical Temple.
  6642 | Temple   | Entered the Ecumenical Temple
  7019 | D:8      | Reached skill level 1 in Evocations
  7430 | D:8      | Noticed a lindwurm
  7430 | D:8      | a floating eye changed into a lindwurm
  7444 | D:8      | Killed a lindwurm
  7927 | D:8      | Found an ancient bone altar of Kikubaaqudgha.
  8036 | D:8      | Found an iron altar of Okawaru.
  8037 | D:8      | Found a snail-covered altar of Cheibriados.
  8040 | D:8      | Found a stormy altar of Qazlal.
  8045 | D:8      | Became a worshipper of Warmaster Okawaru
  8126 | D:8      | Reached XP level 10. HP: 6/61 MP: 10/10
  8135 | D:8      | Slain by an ice beast

Illustrated notes

Levels and vault maps discovered:
D:1:      heliophobic_arrival_enchanted_forest, layout_basic
D:2:      layout_loops_corners, uniq_sigmund
D:3:      layout_basic, jmf_multi_god_temple
D:4:      layout_cave_pods, general_overflow_altar
D:5:      layout_basic, small_statue_alley_b, nrook_campfire
D:6:      layout_cave_pools, kennysheep_mini, hangedman_decor_clover_reticule
D:7:      layout_basic, temple_fountains
D:8:      layout_rooms, amcnicky_altar_gilded, minitemple, fungi_pond_lemuel
Temple:   cyrus_circular_temple

Skill      XL: |  1  2  3  4  5  6  7  8  9 |
---------------+----------------------------+-----
Long Blades    | 2 3 4 5 6 |  6.9
Armour         | 4 5 6 7 8 |  8.7
Shields        | 4 5 6 7 8 |  8.6
Fighting       | 4 5 6 |  6.4
Evocations     | 2 |  2.1
Invocations    | |  0.4

Action                   |  1- 3 |  4- 6 |  7- 9 | 10-12 || total
-------------------------+-------+-------+-------+-------++-------
Melee: Long sword        |   101 |    98 |   488 |     8 ||   695
  Use: Scroll            |     1 |     2 |    14 |       ||    17
       Potion            |     1 |       |     5 |     2 ||     8
Armor: Scale mail        |    55 |    86 |   247 |       ||   388
       Chain mail        |       |       |    60 |     4 ||    64
Dodge: Dodged            |    25 |    38 |   175 |       ||   238
Block: Kite shield       |    56 |    66 |   321 |     4 ||   447
       Rpst.: Long sword |     8 |     8 |    52 |       ||    68

Table legend: (Time is in decaauts)
 A = Elapsed time spent in this place.
 B = Non-inter-level travel time spent in this place.
 C = Inter-level travel time spent in this place.
 D = Time resting spent in this place.
 E = Time spent auto-exploring this place.
 F = Levels seen in this place.
 G = Mean time per level.
                   A        B        C        D        E       F      G
               +--------+--------+--------+--------+--------+-----+--------+
         Total |   8379 |   8230 |    149 |    313 |   6458 |   9 |  931.0 |
       Dungeon |   8323 |   8184 |    139 |    313 |   6414 |   8 | 1040.4 |
        Temple |     55 |     45 |     10 |      0 |     44 |   1 |   55.0 |
               +--------+--------+--------+--------+--------+-----+--------+

Top non-repeatable levels by time:
     D:3: 1171 daAuts
     D:1: 1138 daAuts
     D:7: 1120 daAuts
     D:8: 1073 daAuts
     D:6: 1049 daAuts
     D:5: 958 daAuts
     D:2: 927 daAuts
     D:4: 884 daAuts
  Temple: 55 daAuts
